 Dungeon Crawl Stone Soup version 0.23-a0-837-ga3e6480 (webtiles) character file.

81 wilfster70 the Firebug (level 4, -1/33 HPs)
             Began as a Demonspawn Fire Elementalist on Jan 24, 2019.
             Slain by a worker ant (8 damage)
             ... on level 2 of the Dungeon.
             The game lasted 00:09:43 (2137 turns).

wilfster70 the Firebug (DsFE)                       Turns: 2137, Time: 00:09:43

Health: -1/33      AC:  3    Str:  8    XL:     4   Next: 19%
Magic:  1/7        EV: 12    Int: 17    God:
Gold:   61         SH:  0    Dex: 14    Spells: 4/8 levels left

rFire    . . .     SeeInvis .   d - +0 club
rCold    . . .     Gourm    .   (no shield)
rNeg     . . .     Faith    .   a - +0 robe
rPois    .         Spirit   .   (no helmet)
rElec    .         Reflect  .   (no cloak)
rCorr    .         Harm     .   h - +0 pair of gloves
MR       .....     Rnd*Tele +   (no boots)
Stlth    ++........             (no amulet)
HPRegen  0.11/turn              f - ring of teleportation (curse)
MPRegen  0.10/turn              (no ring)

@: very slightly contaminated
A: claws 1, powered by death 1
a: no special abilities


You were on level 2 of the Dungeon.
You were not hungry.

You visited 1 branch of the dungeon, and saw 2 of its levels.

You collected 61 gold pieces.

Inventory:

Hand Weapons
 d - a +0 club (weapon)
Missiles
 b - 76 stones (quivered)
Armour
 a - a +0 robe (worn)
 h - a +0 pair of gloves (worn)
Jewellery
 f - a cursed ring of teleportation (left hand)
 i - an uncursed ring of flight {unknown}
Scrolls
 e - 3 scrolls of teleportation {unknown}
 g - a scroll of magic mapping {unknown}
 j - a scroll of amnesia {unknown}
 k - a scroll of immolation {unknown}
Comestibles
 c - 3 rations
 l - 2 chunks of flesh


   Skills:
 + Level 1.6 Fighting
 - Level 1.7 Dodging
 - Level 1.7 Stealth
 + Level 2.6 Spellcasting
 + Level 2.1 Conjurations
 + Level 3.3 Fire Magic


You had 4 spell levels left.
You knew the following spells:

 Your Spells              Type           Power        Failure   Level  Hunger
a - Flame Tongue          Conj/Fire      ##...        6%          1    #......
b - Conjure Flame         Conj/Fire      ##......     19%         3    ###....

Your spell library contained the following spells:

 Spells                   Type           Power        Failure   Level  Hunger
 Throw Flame              Conj/Fire      ##....       9%          2    ##.....
 Inner Flame              Hex/Fire       #.......     26%         3    ###....
 Sticky Flame             Conj/Fire      ##......     52%         4    #####..
 Fireball                 Conj/Fire      ##........   86%         5    ######.


Dungeon Overview and Level Annotations

Branches:
Dungeon (2/15)

Altars:
Hepliaklqana
Xom


Innate Abilities, Weirdness & Mutations

You have sharp fingernails.
You regenerate a little health from kills.


Message History

The worker ant is severely wounded.
The worker ant barely misses you. The worker ant barely misses you.
You closely miss the worker ant.
The worker ant is heavily wounded.
The worker ant bites you but does no damage.
You hit the worker ant.
The worker ant is severely wounded.
The worker ant barely misses you. x2
You hit the worker ant.
The worker ant is almost dead.
The worker ant bites you.
* * * LOW HITPOINT WARNING * * *
You hit the worker ant but do no damage.
The worker ant is almost dead.
The worker ant barely misses you. x2
You hit the worker ant but do no damage.
The worker ant is almost dead.
The worker ant bites you!
You die...

............#.# #............
............#.# ###..........
........รท...#.# #..........
............#.# #..........
###.........#.###################
# #.........#....................
#######.#####..#...##############
......................<..........
........#####.##@..##.###.#######
######### #.##a..##............
#.##...######..######
#.##................#
#.##....######.####.# #.##....#
... # #.#####.# ##.#.###
########## .# #...... .........#
.# #..####


You could see a worker ant.

Vanquished Creatures
  A worker ant (D:2)
  2 adders
  A leopard gecko (D:2)
  A ball python (D:1)
  7 bats
  5 giant cockroaches
  4 goblins
  6 hobgoblins
  A quokka (D:1)
  2 frilled lizards (D:2)
  6 rats
36 creatures vanquished.

Notes
Turn   | Place    | Note
-------+----------+-------------------------------------------
     0 | D:1      | wilfster70 the Demonspawn Fire Elementalist began the quest
                  | for the Orb.
     0 | D:1      | Reached XP level 1. HP: 13/13 MP: 3/3
   318 | D:1      | Gained mutation: You have sharp fingernails. [demonic
                  | ancestry]
   318 | D:1      | Reached XP level 2. HP: 20/20 MP: 1/5
   846 | D:1      | Reached skill level 1 in Fighting
   846 | D:1      | Reached skill level 3 in Fire Magic
  1039 | D:1      | Reached XP level 3. HP: 18/26 MP: 0/6
  1048 | D:1      | Learned a level 3 spell: Conjure Flame
  1329 | D:2      | Found a shimmering altar of Xom.
  1330 | D:2      | Found a hazy altar of Hepliaklqana.
  1330 | D:2      | Noticed a hell beast
  1331 | D:2      | Noticed a hell beast
  1331 | D:2      | Noticed a spectral ugly thing
  1827 | D:2      | Gained mutation: You regenerate a little health from kills.
                  | [demonic ancestry]
  1827 | D:2      | Reached XP level 4. HP: 32/32 MP: 2/7
  2137 | D:2      | Slain by a worker ant

Vault maps used:
D:1:      elethiomel_arrival_shortcut
D:2:      regret_index_temple_of_mockery

Skill      XL: |  1  2  3 |
---------------+----------+-----
Fighting       | 1 |  1.6
Fire Magic     | 3 |  3.3
Conjurations   | 2 |  2.1
Dodging        | |  1.7
Stealth        | |  1.7
Spellcasting   | |  2.6

Action                   |  1- 3 |  4- 6 || total
-------------------------+-------+-------++-------
Melee: Unarmed           |     3 |       ||     3
       Club              |    34 |     9 ||    43
 Cast: Flame Tongue      |    47 |    16 ||    63
  Use: Potion            |     1 |       ||     1
 Stab: Sleeping          |     1 |       ||     1
  Eat: Chunk             |     3 |     1 ||     4
Armor: Robe              |     9 |     3 ||    12
Dodge: Dodged            |    58 |    17 ||    75

Table legend:
 A = Non-vault XP
 B = Vault XP
 C = Vault XP percentage of total XP
 D = Non-vault monster count
 E = Vault monster count
 F = Vault count percentage of total count
                 A         B        C        D         E       F
            +---------+---------+-------+---------+---------+-------
      Total |     116 |       0 |   0.0 |      36 |       0 |   0.0
            +---------+---------+-------+---------+---------+-------
        D:1 |      42 |       0 |   0.0 |      18 |       0 |   0.0
        D:2 |      74 |       0 |   0.0 |      18 |       0 |   0.0
            +---------+---------+-------+---------+---------+-------
